 Dungeon Crawl Stone Soup version 0.17-a0-1910-g4c791fa (webtiles) character file.

81 Goblin1989 the Cudgeler (level 4, -6/28 HPs)
             Began as a Gargoyle Fighter on Sept 25, 2015.
             Mangled by a gnoll
             ... wielding a +1 halberd of chopping
              (9 damage)
             ... on level 2 of the Dungeon.
             The game lasted 00:03:56 (1556 turns).

Goblin1989 the Cudgeler (Gargoyle Fighter)          Turns: 1556, Time: 00:03:56

Health: -6/28      AC: 11    Str: 25    XL:     4   Next: 40%
Magic:  4/4        EV:  7    Int:  9    God:
Gold:   123        SH:  9    Dex:  9    Spells: 0 memorised, 3 levels left

rFire  . . .     SeeInvis .     a - +0 flail
rCold  . . .     Clarity  .     b - +0 scale mail
rNeg   + . .     SustAt   .     c - +0 shield
rPois  ∞         Gourm    .     o - +1 hat
rElec  +         Spirit   .     (no cloak)
rCorr  .         Warding  .     (no gloves)
rMut   .         Stasis   .     (no boots)
MR     .....                    (no amulet)
Stlth  ..........               (no ring)
                                (no ring)

@: mighty, not resistant to hostile enchantments, extremely unstealthy
A: negative energy resistance 1, electricity resistance, unbreathing,
petrification resistance, rot immunity, AC +3
a: no special abilities


You were on level 2 of the Dungeon.
You were very hungry.

You visited 1 branch of the dungeon, and saw 3 of its levels.

You collected 123 gold pieces.

Inventory:

Hand weapons
 a - a +0 flail (weapon)
Missiles
 g - 5 poisoned tomahawks (quivered)
Armour
 b - a +0 scale mail (worn)
 c - a +0 shield (worn)
 o - a +1 hat (worn)
Jewellery
 l - a cursed ring of loudness {unknown}
 m - an uncursed amulet of faith {unknown}
Scrolls
 f - a scroll of amnesia {unknown}
 i - a scroll of identify {unknown}
Potions
 d - a potion of might
 j - 3 potions of curing {unknown}
 k - a potion of agility {unknown}
 n - a potion of mutation {unknown}
 q - a potion of brilliance {unknown}
 r - a potion of degeneration {unknown}
Comestibles
 e - a bread ration
 h - a beef jerky
 s - a royal jelly


   Skills:
 - Level 3.2 Fighting
 + Level 4.5 Maces & Flails
 - Level 3.2 Armour
 - Level 3.2 Shields


You had 3 spell levels left.
You didn't know any spells.

Dungeon Overview and Level Annotations

Branches:
Dungeon (3/15)

Altars:

Annotations:
D:3 Natasha, Sigmund


Innate Abilities, Weirdness & Mutations

You are resistant to torment.
Your stone body is resilient (AC +3).
You are immune to poison.
You resist negative energy.
You are resistant to electric shocks.
You can survive without breathing.
You are immune to petrification.
You are immune to rotting.


Message History

You closely miss the gnoll.
The gnoll is moderately wounded.
The gnoll hits you but does no damage.
The gnoll shouts!
You hit the gnoll but do no damage.
The gnoll is moderately wounded.
The gnoll hits you with a halberd.
* * * LOW HITPOINT WARNING * * *
Drink which item? (? for menu, Esc to quit)
You feel very mighty all of a sudden. You block the gnoll's attack.
You bludgeon the gnoll!!
You kill the gnoll!
You sock the gnoll!
The gnoll is severely wounded.
You block the gnoll's attack.
You sock the gnoll!
You kill the gnoll!
The gnoll hits you from afar with a halberd of chopping!
You die...

###########.# ### #...........#
#.. #.#########.######### #.# #.#
#...#.........# #.# #######.##
#.#.#########'### #.. .........#
#.#.######......# ### ####.....#
#.#.............#
#####....####.########......#
..............g)@...........#
###.##.##########.###....(..#
#........# ###.............# #
#.##.#.#.####.#<<..#........# #
#.##.#g#.#.....###.#........## #
#........#.....'......#'#....## #
g....g...#....<###...##.#.....# #
..............#.........#.....# #
.###'#'########.###...###.....###


You could see a gnoll.

Vanquished Creatures
  2 gnolls (D:2)
  An adder (D:2)
  3 worms (D:2)
  2 giant geckos (D:2)
  2 ball pythons (D:2)
  6 bats
  A giant cockroach (D:1)
  6 goblins
  7 hobgoblins
  6 jackals (D:1)
  2 kobolds (D:2)
  2 quokkas (D:2)
  2 giant newts
  A rat (D:1)
43 creatures vanquished.

Notes
Turn   | Place    | Note
--------------------------------------------------------------
     0 | D:1      | Goblin1989 the Gargoyle Fighter began the quest for the Orb.
     0 | D:1      | Reached XP level 1. HP: 14/14 MP: 1/1
   144 | D:1      | Reached XP level 2. HP: 19/19 MP: 2/2
   550 | D:2      | Reached XP level 3. HP: 16/23 MP: 3/3
  1050 | D:2      | Reached skill level 4 in Maces & Flails
  1214 | D:2      | Reached XP level 4. HP: 28/28 MP: 4/4
  1499 | D:3      | Noticed Sigmund
  1501 | D:3      | Noticed Natasha
  1556 | D:2      | Mangled by a gnoll

Vault maps used:
D:1:      mrwooster_arrival_arrow, minmay_misc_feat_doors
D:2:      serial_bayou_pond_e
D:3:      good_gods_temple_1, gammafunk_temple_overflow_forgotten, first_bread,
          uniq_sigmund, uniq_natasha

Action                   |  1- 3 |  4- 6 || total
-------------------------+-------+-------++-------
Melee: Flail             |   139 |    25 ||   164
  Use: Potion            |       |     1 ||     1
  Eat: Chunk             |     1 |       ||     1
